 Dungeon Crawl Stone Soup version 0.30-a0-137-gd8773701ce (webtiles) character file.

Game seed: 4692798634285808565

98926 freelancePsychic the Spry (level 14, -2/85 (92) HPs)
             Began as a Deep Elf Delver on Sept 23, 2022.
             Was the Champion of Ru.
             Succumbed to a sea snake's poison
             ... on level 1 of the Shoals.
             The game lasted 01:21:45 (33579 turns).

freelancePsychic the Spry (Deep Elf Delver)        Turns: 33579, Time: 01:21:46

HP:   -2/85 (92)    AC: 18    Str:  9    XL:     14   Next: 76%
MP:   22/40         EV: 16    Int: 30    God:    Ru [******]
Gold: 1014          SH: 14    Dex: 14    Spells: 3/33 levels left

rFire   . . .      SeeInvis .    a - +7 trident of Impeachment {speed, Int+4}
rCold   + . .      Faith    .    S - +4 kite shield {AC+3}
rNeg    . . .      Spirit   .    C - +0 acid dragon scales
rPois   .          Reflect  .    b - +3 hat of Pondering {ponderous, Will+ MP+10 Int+5}
rElec   .          Harm     .    N - +0 cloak
rCorr   +          Rampage  .    q - +0 pair of gloves
Will    ++++.                    (no boots)
Stlth   +++.......               K - amulet "Nuenezua" {Contam Will++ Regen+}
HPRegen 1.04/turn                h - ring of protection from cold
MPRegen 0.27/turn                I - +4 ring of protection

@: lethally poisoned (-2 -> -59), exhausted, very slightly contaminated,
studying Shields, drained, unable to drink, slow
A: clumsy 1, inability to drink after injury 2, inability to use devices,
inexperienced 1, missing an eye
a: Renounce Religion, Draw Out Power, Power Leap, Apocalypse


You were on level 1 of the Shoals.
You worshipped Ru.
Ru was exalted by your worship.
You visited 5 branches of the dungeon, and saw 24 of its levels.
You also visited: Bailey and Gauntlet.

You collected 2134 gold pieces.
You spent 1120 gold pieces at shops.

Inventory:

Hand Weapons
 a - the +7 trident of Impeachment (weapon) {speed, Int+4}
   (You found it on level 7 of the Dungeon)

   Attacks with this weapon are significantly faster.
   Int:       It affects your intelligence (+4).
Missiles
 m - a throwing net
 v - 12 curare-tipped darts (quivered)
Armour
 b - the +3 hat of Pondering (worn) {ponderous, Will+ MP+10 Int+5}
   (You took it off Gastronok on level 2 of the Lair of Beasts)

   Int:       It affects your intelligence (+5).
   MP:        It affects your magic capacity (+10).
   Will:      It increases your willpower.
 f - a +0 leather armour
 q - a +0 pair of gloves (worn)
 y - a +2 helmet
 C - +0 acid dragon scales (worn)
 N - a +0 cloak (worn)
 S - a +4 kite shield of protection (worn)
Magical Staves
 O - a staff of conjuration
Jewellery
 h - a ring of protection from cold (left hand)
 r - an amulet of reflection
 B - a ring of flight
 G - a ring of positive energy
 H - an amulet of magic regeneration
 I - a +4 ring of protection (right hand)
 K - the amulet "Nuenezua" (around neck) {Contam Will++ Regen+}
   (You found it on level 5 of the Lair of Beasts)

   [amulet of regeneration]

   Contam:    It causes magical contamination when unequipped.
   Regen:     It increases your rate of health regeneration.
   Will:      It greatly increases your willpower.
 M - a ring of fire
 P - the ring "Osykkylo" {rF+ Will+ MP+9 Int-2 SInv}
   (You found it in a Gauntlet)

   [ring of magical power]

   Int:       It affects your intelligence (-2).
   rF:        It protects you from fire.
   MP:        It affects your magic capacity (+9).
   SInv:      It lets you see invisible.
   Will:      It increases your willpower.
 Q - the ring of Maaxzev {rElec Will+ Int+4 SInv}
   (You took it off a minotaur in a Gauntlet)

   [ring of see invisible]

   Int:       It affects your intelligence (+4).
   rElec:     It insulates you from electricity.
   SInv:      It lets you see invisible.
   Will:      It increases your willpower.
 R - an amulet of regeneration
 V - a ring of magical power
 W - the amulet "Ufias" {Spirit rF+ Int+4 Dex+5}
   (You found it on level 14 of the Dungeon)

   [amulet of guardian spirit]

   It causes incoming damage to be divided between your reserves of health and
   magic.
   Int:       It affects your intelligence (+4).
   Dex:       It affects your dexterity (+5).
   rF:        It protects you from fire.
Scrolls
 c - 2 scrolls of fog
 e - 2 scrolls of magic mapping
 i - 2 scrolls of enchant armour
 k - 4 scrolls of poison
 o - 4 scrolls of amnesia
 w - 3 scrolls of blinking
 A - 2 scrolls of immolation
 D - 8 scrolls of teleportation {@r4}
 E - 5 scrolls of fear
 J - a scroll of silence
 L - 2 scrolls of identify {@r1}
 U - 2 scrolls of enchant weapon
Potions
 d - 5 potions of attraction
 g - 4 potions of heal wounds {@q2}
 j - 7 potions of curing {@q1}
 l - 2 potions of resistance
 n - 2 potions of cancellation
 p - 2 potions of invisibility
 s - 3 potions of ambrosia
 t - a potion of lignification
 u - a potion of berserk rage
 x - 3 potions of flight
 z - 3 potions of mutation
 F - 5 potions of brilliance
 T - a potion of might


   Skills:
 + Level 12.0 Fighting
 - Level 2.0 Short Blades
 - Level 1.1 Armour
 - Level 15.1 Dodging
 - Level 6.0 Stealth
 * Level 7.2 Shields
 - Level 10.0 Spellcasting
 - Level 4.7 Hexes
 + Level 12.3 Summonings
 - Level 14.3 Air Magic
 - Level 8.0 Earth Magic


You had 3 spell levels left.
You knew the following spells:

 Your Spells              Type           Power      Damage    Failure   Level
a - Summon Lightning Spi  Summ/Air       76%        N/A       1%          4
b - Call Canine Familiar  Summ           73%        N/A       1%          3
c - Summon Cactus Giant   Summ           36%        N/A       14%         6
d - Summon Mana Viper     Hex/Summ       60%        N/A       13%         5
e - Summon Guardian Gole  Hex/Summ       60%        N/A       1%          3
f - Summon Small Mammal   Summ           100%       N/A       1%          1
i - Maxwell's Capacitive  Air            39%        ∞         96%         8

Your spell library contained the following spells:

 Spells                   Type           Power      Damage    Failure   Level
 Static Discharge         Conj/Air       100%       2-7/arc   1%          2
 Slow                     Hex            100%       N/A       2%          1
 Confusing Touch          Hex            43%        N/A       6%          3
 Kindle Blastsparks       Fire/Tloc/Air  86%        2d17      6%          3
 Stone Arrow              Conj/Erth      78%        3d11      9%          3
 Gell's Gravitas          Tloc           15%        N/A       41%         3
 Teleport Other           Tloc           15%        N/A       41%         3
 Vampiric Draining        Necr           15%        2d7       41%         3
 Animate Armour           Summ/Erth      100%       N/A       2%          4
 Lee's Rapid Deconstruct  Erth           29%        3d16*     16%         5
 Arcjolt                  Conj/Air       27%        1d37      22%         5
 Lightning Bolt           Conj/Air       27%        1d44      22%         5
 Summon Forest            Summ/Tloc      25%        N/A       32%         5
 Fulminant Prism          Conj/Hex       14%        3d9       50%         4
 Conjure Ball Lightning   Conj/Air       27%        3x3d8     77%         6
 Hailstorm                Conj/Ice       15%        3d5       83%         4
 Ice Form                 Ice/Tmut       15%        N/A       83%         4
 Iskenderun's Mystic Bla  Conj/Tloc      15%        2d5       83%         4
 Fireball                 Conj/Fire      7%         3d5       99%         5
 Dispersal                Tloc           7%         N/A       100%        6
 Simulacrum               Ice/Necr       7%         N/A       100%        6
 Storm Form               Tmut/Air       27%        N/A       100%        7
 Lehudib's Crystal Spear  Conj/Erth      19%        10d6      100%        8
 Death's Door             Necr           7%         N/A       100%        9


Dungeon Overview and Level Annotations

Branches:
Dungeon (15/15)            Temple (0/1) D:4            Lair (5/5) D:9
 Shoals (1/4) Lair:3        Snake (1/4) Lair:3        Slime (0/5) Lair:4
    Orc (2/2) D:10            Elf (0/3) Orc:2        Vaults (0/5) D:13
 Depths (0/4) D:15         Bailey (visited)         Gauntlet (visited)

Altars:
Cheibriados
Dithmenos
Elyvilon
Fedhas
Makhleb
Nemelex Xobeh
Okawaru
Qazlal
Ru
Trog
Uskayaw
Vehumet
Wu Jian
Xom
Yredelemnul
Zin
The Shining One

Shops:
D:3 :   D:13 (   D:14 (   D:15 (   Orc:2 =(*::(

Portals:
Trove: D:15 (lose all piety)

Annotations:
D:2 exclusion: worm
D:4 Eustachio
D:5 2 runed translucent doors, tromp's ghost, novice KoBr
Lair:3 3 runed translucent doors, IdlyInterested's ghost, journeyman DsGl
Lair:4 1 runed translucent door
Lair:5 2 transporters, SigmundSlayer's ghost, journeyman DsBe
Shoals:1 2 transporters


Innate Abilities, Weirdness & Mutations

You are clumsy. (Dex -2)
You sometimes lose the ability to drink potions when taking damage.
You cannot study or use magical devices.
You are somewhat inexperienced. (-1 XL)
You are missing an eye, making it more difficult to aim.


Message History

You feel extremely sick. You block the sea snake's attack.
The sea snake bites you but does no damage.
You block the sea snake's attack. The sea snake bites you!
You are more poisoned.
The sea snake poisons you!
You focus your inner power and illuminate the sea snake in retribution!
You cannot drink potions in your current state!
As you read the scroll of fear, it crumbles to dust.
You assume a fearsome visage.
The sea snake looks frightened! x2
The nameless horror is unaffected.
* * * LOW HITPOINT WARNING * * *
You feel extremely sick.
The sea snake bites your guardian golem.
You block the nameless horror's attack.
Unknown command.
Unknown command.
Unknown command.
Unknown command.
Unknown command.
Unknown command.
Unknown command.
Unknown command.
Unknown command.
Unknown command.
Unknown command.
Unknown command.
Unknown command.
Unknown command.
Unknown command.
Unknown command.
Unknown command.
Unknown command.
Unknown command.
Unknown command.
Unknown command.
Unknown command.
Unknown command.
You swap places.
You die...

~~~. ~~~~~~~.~~~~≈~~~ ≈~~~
#.~...~~P~P~~~~~≈~P~ ≈~~~.
.~...~~~~~~~~~≈≈≈~~ ≈≈~..
.~...~P~~~~~~~~≈≈≈≈ ≈~~~..
#......~~~P~~~~≈≈≈≈
~~~~..###.## #.~~~~~~~≈≈≈≈
~~....C....# #.~~P~~~≈≈≈≈
~~~....9≈≈.# #.~≈~~P~~~P~
≈~~~~~~≈S≈@## ##.~≈≈≈P~~~~
~~~~~~S~≈h..#####.~~≈~~~~..
~~~~~$..X≈..>(##.~~~P~~~...
~~~~....≈≈.#.....~P~P~~....
≈~~........##.....~~~~.....
~~≈~~~....####.~..~~~~..##.
~~~~≈~~.... .≈≈≈≈./~~~..#..
~~~≈≈~.....≈≈≈≈≈~~~~~PP).©
~~≈≈~~~..≈≈≈≈≈≈~~~~~~~#©.


You could see 2 sea snakes, a nameless horror, a friendly cactus giant
(summoned, sheltered), a friendly guardian golem (summoned) and a friendly warg
(summoned, sheltered).

Vanquished Creatures
  Gastronok (Lair:2)
  3 ogre magi (Orc:2)
  A hydra (Lair:5)
  A catoblepas (Lair:2)
  4 centaur warriors
  9 two-headed ogres
  An anaconda (shapeshifter) (D:14)
  A death yak (Lair:5)
  Sonja (Lair:2)
  A sea snake (Shoals:1)
  A shadow wraith (D:14)
  A phantasmal warrior (D:14)
  2 orc sorcerers (Orc:2)
  An ugly thing (D:12)
  A manticore (D:13)
  2 black mambas
  A gargoyle (D:11)
  8 elephants
  4 komodo dragons
  A merfolk (Shoals:1)
  A nameless horror (D:15)
  2 dream sheep (Lair:5)
  7 blink frogs
  A wraith (D:12)
  2 wyverns
  A yak (Lair:2)
  A vampire mosquito (D:12)
  3 wargs
  3 water moccasins
  6 orc warriors
  8 centaurs
  20 ogres
  A phantom (D:6)
  4 kobold brigands
  4 bullfrogs
  A wight (D:8)
  A hound (D:7)
  A gnoll bouda (D:6)
  2 iguanas
  4 orc wizards
  6 adders
  A gnoll (D:3)
  A shadow imp (Gauntlet)
  A white imp (D:6)
  21 orcs
  4 ball pythons
  5 bats
  4 endoplasms
  2 giant cockroaches
  7 hobgoblins
  5 jackals
  A quokka (D:3)
  2 frilled lizards (D:2)
  4 goblins
  12 kobolds
  2 rats
  A spectral hobgoblin (D:1)
  A bush (Lair:5)
198 creatures vanquished.

Vanquished Creatures (collateral kills)
  The ghost of juncz the Warrior, a journeyman DjCj of Makhleb (D:14)
  An orc warlord (Orc:1)
  A stone giant (D:15)
  A minotaur (Gauntlet)
  An eidolon (D:14)
  A fire dragon (D:14)
  An ogre mage (Orc:2)
  2 hydras (Lair:5)
  2 catoblepae
  3 centaur warriors
  A death scarab (Gauntlet)
  A deep troll shaman (Lair:5)
  8 two-headed ogres
  5 death yaks
  5 tengu warriors
  A hell knight (D:15)
  2 shadow wraiths (D:14)
  An iron troll (D:13)
  A deep troll (D:15)
  A lindwurm (Lair:5)
  A necromancer (D:15)
  4 cyclopes
  4 ugly things (D:15)
  An orc sorcerer (Orc:1)
  4 manticores
  A nameless horror (D:15)
  7 elephants
  A guardian serpent (Lair:3)
  5 black mambas
  A naga mage (Snake:1)
  6 cane toads
  Maurice (Orc:1)
  An ice statue (Gauntlet)
  An unseen horror (D:10)
  A yaktaur (D:15)
  2 rime drakes
  A yaktaur (shapeshifter) (D:14)
  5 komodo dragons
  A tengu conjurer (D:15)
  5 meliai (D:15)
  A hornet (D:10)
  A polar bear (Lair:5)
  5 trolls
  A snapping turtle (Lair:3)
  A spectral dream sheep (Gauntlet)
  4 slime creatures (D:13)
  5 blink frogs (Lair:5)
  14 dream sheep (Lair:5)
  A jumping spider (shapeshifter) (D:15)
  A vampire (D:9)
  A water elemental (Shoals:1)
  2 wyverns (Lair:3)
  5 shadows
  7 wraiths
  11 yaks
  4 basilisks
  A steam dragon (D:8)
  2 wargs
  2 nagas (Snake:1)
  11 water moccasins
  A sky beast (D:8)
  An ice beast (D:5)
  7 orc warriors
  6 ogres (Orc:2)
  5 wolves (Lair:5)
  10 centaurs
  A phantom (D:5)
  2 kobold brigands (Bailey)
  4 bullfrogs
  4 scorpions
  7 wights
  4 killer bees (D:7)
  A howler monkey (D:12)
  3 electric eels
  2 gnoll boudas
  A jelly (D:5)
  5 orc priests
  3 hounds (D:7)
  Ijyb (D:4)
  An iguana (D:4)
  16 orc wizards
  7 hell rats (Lair:5)
  9 gnolls
  7 adders
  A white imp (D:8)
  A worm (D:4)
  32 orcs
  An endoplasm (D:4)
  2 giant cockroaches
  8 goblins
  3 hobgoblins
  4 jackals
  22 kobolds
  A ball python (D:1)
  A frilled lizard (D:1)
357 creatures vanquished.

Vanquished Creatures (others)
  An orc warlord (Orc:2)
  Josephine (Lair:4)
  5 hydras
  4 two-headed ogres
  2 death yaks (Lair:1)
  Erica (Orc:1)
  A wizard (Gauntlet)
  An elephant (Lair:5)
  A black mamba (Lair:5)
  A cane toad (Lair:1)
  A freezing wraith (D:14)
  4 komodo dragons
  A meliai (D:15)
  2 hornets
  A meliai (shapeshifter) (D:14)
  A blink frog (Lair:4)
  2 dream sheep (Lair:5)
  A wyvern (D:5)
  4 yaks
  A wraith (Lair:4)
  A basilisk (Lair:2)
  2 vampire mosquitoes (D:12)
  A warg (D:10)
  An acid dragon (D:12)
  7 orc warriors
  3 ogres (Orc:2)
  7 centaurs
  3 kobold brigands (Bailey)
  A bullfrog (D:8)
  9 wights
  A hound (D:5)
  An orc wizard (D:8)
  5 gnolls
  An adder (Lair:1)
  A worm (D:2)
  8 orcs
  A bush (Lair:5)
  54 fungi
  131 plants
274 creatures vanquished.

Grand Total: 829 creatures vanquished

Notes
Turn   | Place    | Note
-------+----------+-------------------------------------------
     0 | D:5      | freelancePsychic the Deep Elf Delver began the quest for
                  | the Orb.
     0 | D:5      | Reached XP level 1. HP: 13/13 MP: 3/3
     7 | D:5      | Became a worshipper of Ru the Awakened
    37 | D:5      | Noticed a scorpion
    68 | D:5      | Noticed a scorpion
    74 | D:5      | Noticed a wyvern
    88 | D:4      | Noticed an iguana
   182 | D:1      | Reached skill level 1 in Summonings
   216 | D:1      | Reached skill level 1 in Spellcasting
   334 | D:1      | Reached XP level 2. HP: 18/18 MP: 5/5
   336 | D:1      | Learned a level 1 spell: Summon Small Mammal
   764 | D:2      | Identified the +6 hand axe of Eternal War {vorpal, Int+4}
  1023 | D:2      | Reached skill level 1 in Hexes
  1285 | D:1      | Found a faded altar of an unknown god.
  1289 | D:1      | Reached XP level 3. HP: 22/22 MP: 7/7
  1368 | D:1      | Gained mutation: You are missing an eye, making it more
                  | difficult to aim. [Ru sacrifice]
  1368 | D:1      | Reached * piety under Ru
  1676 | D:1      | Learned a level 3 spell: Call Canine Familiar
  2541 | D:3      | Reached XP level 4. HP: 27/27 MP: 5/9
  3428 | D:3      | Found Poythono's Book Shoppe.
  3646 | D:4      | Noticed Ijyb
  3724 | D:4      | Killed Ijyb
  3923 | D:4      | Noticed Eustachio
  3928 | D:4      | Reached XP level 5. HP: 25/31 MP: 9/11
  4250 | D:4      | Reached skill level 5 in Summonings
  4318 | D:4      | Found a burning altar of Makhleb.
  4346 | D:4      | Found a staircase to the Ecumenical Temple.
  4562 | D:4      | HP: 1/31 [ufetubus[Eustachio] (2)]
  4863 | D:2      | Learned a level 3 spell: Summon Guardian Golem
  4972 | D:4      | HP: 1/31 [poisoned by a scorpion]
  4988 | D:4      | Reached XP level 6. HP: 3/36 MP: 6/14
  5657 | D:5      | Found a basalt altar of Yredelemnul.
  5746 | D:5      | Found a runed translucent door.
  5767 | D:5      | Killed a wyvern
  5768 | D:5      | Reached XP level 7. HP: 40/40 MP: 5/15
  7016 | D:5      | Found a runed translucent door.
  7016 | D:5      | Noticed tromp's ghost (novice KoBr)
  7663 | D:6      | Gained mutation: You cannot study or use magical devices.
                  | [Ru sacrifice]
  7663 | D:6      | Reached ** piety under Ru
  7663 | D:6      | Reached *** piety under Ru
  7707 | D:6      | Reached XP level 8. HP: 45/45 MP: 11/16
  7853 | D:6      | Reached skill level 1 in Armour
  8084 | D:6      | Found a blossoming altar of Fedhas.
  8293 | D:6      | Reached skill level 3 in Dodging
  8484 | D:6      | Found a glowing silver altar of Zin.
  8642 | D:7      | Found a flagged portal.
  8679 | Bailey   | Entered a bailey
  8868 | Bailey   | Reached skill level 4 in Dodging
  9120 | Bailey   | Reached skill level 5 in Dodging
  9125 | Bailey   | Reached XP level 9. HP: 44/52 MP: 4/17
  9218 | Bailey   | Found an iron altar of Okawaru.
  9632 | D:7      | Reached skill level 6 in Dodging
  9771 | D:7      | Found an ornate altar of the Wu Jian Council.
  9772 | D:7      | Found a bloodstained altar of Trog.
  9772 | D:7      | Found a hide-covered altar of Uskayaw.
  9777 | D:7      | Found a glowing golden altar of the Shining One.
 10132 | D:7      | Found a radiant altar of Vehumet.
 10452 | D:7      | Reached skill level 5 in Fighting
 10580 | D:7      | Identified the +7 trident of Impeachment {speed, Int+4}
 11108 | D:8      | Reached skill level 7 in Dodging
 11476 | D:8      | Reached skill level 8 in Dodging
 12169 | D:8      | Gained mutation: You are somewhat inexperienced. (-1 XL)
                  | [Ru sacrifice]
 12169 | D:8      | Reached XP level 8. HP: 52/52 MP: 16/16
 12169 | D:8      | Reached **** piety under Ru
 12169 | D:8      | Reached ***** piety under Ru
 12204 | D:8      | Reached XP level 9. HP: 51/56 MP: 17/17
 12560 | D:9      | Found a white marble altar of Elyvilon.
 12693 | D:9      | Found a staircase to the Lair.
 12786 | D:9      | Reached skill level 9 in Dodging
 12786 | D:9      | Reached skill level 1 in Earth Magic
 13097 | D:9      | Learned a level 4 spell: Animate Armour
 13510 | D:9      | Found a shimmering altar of Xom.
 13512 | D:9      | Found a snail-covered altar of Cheibriados.
 13512 | D:9      | Found a radiant altar of Vehumet.
 13514 | D:9      | Found a blossoming altar of Fedhas.
 13514 | D:9      | Found a hide-covered altar of Uskayaw.
 13514 | D:9      | Found a white marble altar of Elyvilon.
 13797 | D:10     | Entered Level 10 of the Dungeon
 14061 | D:10     | Noticed a centaur warrior
 14072 | D:10     | Killed a centaur warrior
 14073 | D:10     | Reached skill level 10 in Summonings
 14281 | D:10     | Noticed a two-headed ogre
 14290 | D:10     | Killed a two-headed ogre
 14291 | D:10     | Reached skill level 10 in Dodging
 14862 | D:10     | Found a sparkling altar of Nemelex Xobeh.
 14917 | D:10     | Found a staircase to the Orcish Mines.
 15063 | D:10     | Found a shadowy altar of Dithmenos.
 15190 | D:11     | Reached XP level 10. HP: 64/64 MP: 14/18
 15210 | D:11     | Noticed a two-headed ogre
 15221 | D:11     | Killed a two-headed ogre
 15222 | D:11     | Reached skill level 5 in Earth Magic
 15266 | D:11     | Noticed a two-headed ogre
 15280 | D:11     | Killed a two-headed ogre
 15396 | D:11     | Noticed a two-headed ogre
 15413 | D:11     | Killed a two-headed ogre
 15758 | D:11     | Reached skill level 11 in Dodging
 15854 | D:11     | Gained mutation: You occasionally lose the ability to drink
                  | potions when taking damage. [Ru sacrifice]
 15854 | D:11     | Gained mutation: You sometimes lose the ability to drink
                  | potions when taking damage. [Ru sacrifice]
 16578 | D:12     | Noticed a two-headed ogre
 16595 | D:12     | Killed a two-headed ogre
 16749 | D:12     | Noticed a centaur warrior
 16831 | Lair:1   | Entered Level 1 of the Lair of Beasts
 17010 | Lair:1   | Noticed a catoblepas
 17416 | Lair:1   | Reached skill level 12 in Dodging
 17416 | Lair:1   | Reached XP level 11. HP: 69/69 MP: 9/19
 18077 | Lair:1   | Found a sacrificial altar of Ru.
 18461 | Lair:2   | Noticed a death yak
 18461 | Lair:2   | Noticed a death yak
 18461 | Lair:2   | Noticed a death yak
 18462 | Lair:2   | Noticed a death yak
 18483 | Lair:1   | Killed a death yak
 18491 | Lair:1   | Killed a death yak
 18624 | Lair:1   | Killed a death yak
 18643 | Lair:1   | Killed a death yak
 18644 | Lair:1   | Reached skill level 1 in Air Magic
 18847 | Lair:2   | Noticed Gastronok
 19032 | Lair:2   | Reached skill level 5 in Spellcasting
 19071 | Lair:2   | Killed Gastronok
 19295 | Lair:2   | Gained mutation: You are clumsy. (Dex -2) [Ru sacrifice]
 19295 | Lair:2   | Reached ****** piety under Ru
 19551 | Lair:2   | Noticed a seven-headed hydra
 19560 | Lair:2   | Killed a seven-headed hydra
 19634 | Lair:2   | Reached skill level 13 in Dodging
 19650 | Lair:2   | Noticed Sonja
 19654 | Lair:2   | Killed Sonja
 20359 | Lair:2   | Killed a catoblepas
 20451 | Lair:3   | Reached skill level 5 in Air Magic
 20874 | Lair:3   | Reached XP level 12. HP: 77/77 MP: 24/24
 20967 | Lair:3   | Found a runed translucent gate.
 20967 | Lair:3   | Found a runed translucent gate.
 20967 | Lair:3   | Found a runed translucent gate.
 21007 | Lair:3   | Noticed IdlyInterested's ghost (journeyman DsGl)
 21010 | Lair:3   | Identified the +0 plate armour of the Shrinking Gods {Fly
                  | rF+++ Regen+ Str-3}
 21501 | Lair:3   | Found a staircase to the Snake Pit.
 21581 | Lair:3   | Found a staircase to the Shoals.
 22191 | Lair:4   | Noticed Josephine
 22198 | Lair:4   | Killed Josephine
 22380 | Lair:4   | Reached skill level 14 in Dodging
 22589 | Lair:4   | Identified the +12 hand axe of the Fifty Dreams {pain,
                  | Str+6 Dex+4}
 22640 | Lair:4   | Found a runed translucent door.
 22644 | Lair:4   | Found a staircase to the Slime Pits.
 23205 | Lair:5   | Entered Level 5 of the Lair of Beasts
 23970 | Lair:5   | Noticed SigmundSlayer's ghost (journeyman DsBe)
 24263 | Lair:5   | Found a transporter.
 24274 | Lair:5   | Found a transporter.
 24452 | Lair:5   | Reached skill level 10 in Spellcasting
 24531 | Lair:5   | Reached XP level 13. HP: 70/78 MP: 19/29
 24904 | Lair:5   | Reached skill level 10 in Air Magic
 25001 | Lair:5   | Reached skill level 10 in Fighting
 25001 | Lair:5   | Reached skill level 15 in Dodging
 25183 | Lair:5   | Identified the amulet "Nuenezua" {Contam Will++ Regen+}
 25548 | Orc:1    | Entered Level 1 of the Orcish Mines
 25548 | Orc:1    | Noticed Maurice
 25574 | Orc:1    | Killed Maurice
 25749 | Orc:1    | Found an iron altar of Okawaru.
 25804 | Orc:2    | Entered Level 2 of the Orcish Mines
 25870 | Orc:2    | Found a staircase to the Elven Halls.
 25937 | Orc:2    | Found Jadweow's Self-Improvement Boutique.
 26158 | Orc:2    | Found Nogemak's Jewellery Shop.
 26449 | Orc:2    | Noticed an orc warlord
 26466 | Orc:2    | Killed an orc warlord
 26612 | Orc:2    | Found Xihuac's Antique Weapon Shop.
 26613 | Orc:2    | Found Distruwor's Assorted Antiques.
 26613 | Orc:2    | Found Qimeylua's Weapon Boutique.
 26613 | Orc:2    | Found Nesuis's Book Shoppe.
 26985 | Orc:1    | Noticed an orc warlord
 27002 | Orc:1    | Killed an orc warlord
 27065 | Orc:1    | Noticed Erica
 27073 | Orc:1    | Killed Erica
 27185 | Orc:1    | Learned a level 8 spell: Maxwell's Capacitive Coupling
 27601 | D:12     | Reached XP level 14. HP: 67/83 MP: 29/30
 27611 | D:12     | Learned a level 4 spell: Summon Lightning Spire
 28153 | D:13     | Found a gate leading to a gauntlet.
 28161 | Gauntlet | Entered a Gauntlet
 28161 | Gauntlet | Found a transporter.
 28161 | Gauntlet | Found a transporter.
 28161 | Gauntlet | Found a transporter.
 28259 | Gauntlet | Found a transporter.
 28263 | Gauntlet | Found a transporter.
 28272 | Gauntlet | Found a transporter.
 28289 | Gauntlet | Found a transporter.
 28294 | Gauntlet | Found a transporter.
 28312 | Gauntlet | Found a transporter.
 28320 | Gauntlet | Found a transporter.
 28338 | Gauntlet | Found a transporter.
 28389 | Gauntlet | Found a transporter.
 28467 | Gauntlet | Got Sif Muna's Compilation of Damage Dealing and Evil Rites
 28668 | Gauntlet | Identified the ring "Osykkylo" {rF+ Will+ MP+9 Int-2 SInv}
 28681 | Gauntlet | Identified the ring of Maaxzev {rElec Will+ Int+4 SInv}
 28825 | D:13     | Found Seociduxt's Weapon Shoppe.
 29043 | D:13     | Identified the +7 war axe "Wocrokk" {flame, rF+ Str+4}
 29256 | D:13     | Found a gate to the Vaults.
 29740 | Orc:2    | Bought a manual of Shields for 1120 gold pieces
 30159 | D:14     | Found a runed translucent gate.
 30159 | D:14     | Found a runed translucent gate.
 30159 | D:14     | Found a runed translucent gate.
 30161 | D:14     | Noticed juncz's ghost (journeyman DjCj)
 30180 | D:14     | Reached skill level 1 in Shields
 30538 | D:14     | Found Etumpugg's Antique Weapon Shop.
 31302 | D:14     | Killed juncz's ghost
 31311 | D:14     | Identified the amulet "Ufias" {Spirit rF+ Int+4 Dex+5}
 31330 | D:14     | Learned a level 5 spell: Summon Mana Viper
 31338 | D:14     | Learned a level 6 spell: Summon Cactus Giant
 31436 | D:15     | Entered Level 15 of the Dungeon
 31460 | D:15     | Reached skill level 5 in Shields
 32083 | D:15     | Found a portal to a secret trove of treasure.
 32154 | D:15     | Found a hide-covered altar of Uskayaw.
 32185 | D:15     | Found Zaitt's Weapon Emporium.
 32474 | D:15     | Found a stormy altar of Qazlal.
 32745 | D:15     | Found a staircase to the Depths.
 33161 | Snake:1  | Entered Level 1 of the Snake Pit
 33421 | Shoals:1 | Entered Level 1 of the Shoals
 33501 | Shoals:1 | Found a transporter.
 33501 | Shoals:1 | Found a transporter.
 33579 | Shoals:1 | Succumbed to a sea snake's poison

Illustrated notes

Levels and vault maps discovered:
D:1:      wheals_arrival_shading, layout_basic,
          dreamdust_ecumenical_altar_drowned_temple
D:2:      layout_basic, solitary_fountain
D:3:      layout_rooms, serial_shops, nicolae_diamond_shop
D:4:      layout_loops_cross, mainiacjoe_overflow_24_doors,
          mainiacjoe_overflow_catwalk, minmay_temple_entry_arrows, uniq_ijyb,
          uniq_eustachio
D:5:      layout_layer_cave, mainiacjoe_overflow_small_starburst,
          mainiacjoe_overflow_concentric_impassable, ebering_ghost_sewer_f
D:6:      nicolae_BIG_FREAKIN_CUBE, layout_rooms, amcnicky_altar_gilded,
          zin_scriptorium
D:7:      layout_basic, nicolae_overflow_hidden_temple, minitemple,
          enter_bailey_4
D:8:      layout_gridville, grunt_ministairs_5
D:9:      layout_basic, kennysheep_mini, doesnt_xom_only_xom,
          david_lair_shrubbed, minmay_door_square
D:10:     layout_stronghold, kennysheep_little_box, nemelex_spade_bored_becter,
          minmay_orc_entry_guard_dogs
D:11:     layout_basic, nicolae_figureground_pulse
D:12:     layout_cave_pods, chequers_serial_rivers_micro_b
D:13:     layout_irregular_city, david_vaults_4, serial_shops, shop,
          gauntlet_entry_generic, kennysheep_generic_room_8
D:14:     layout_basic, gammafunk_ghost_spectres, nicolae_benzene_ring,
          serial_shops, nicolae_lakefront_shop, minivault_11
D:15:     hangedman_depths_entry_civil_slaughter, layout_long_grid,
          serial_shops, nicolae_shop_statue_plus,
          nicolae_qazlal_scattered_showers, nicolae_trove_entry_diagonal,
          nicolae_uskayaw_murder_on_the_dancefloor
Lair:1:   minmay_lair_venomous_thicket, layout_chaotic_city, basic_altar,
          minmay_holes, serial_bayou_shore_a, grunt_megastairs_1
Lair:2:   layout_cave_pods, uniq_sonja, uniq_gastronok
Lair:3:   layout_misc_corridors, minmay_shoals_entry_hut,
          minmay_snake_entry_spellcaster, gammafunk_ghost_icy, minivault_25,
          grunt_forest_large_clearing_hut, serial_bayou_shore_b
Lair:4:   layout_roguey, slime_entry_2, chequers_serial_rivers_micro_c,
          uniq_josephine
Lair:5:   grunt_lair_end_beastmaster, layout_hall_layers, gammafunk_ghost_hive
Shoals:1: layout_shoals, nicolae_shoals_lost_giant_baths, serial_nicolae_subway,
          nicolae_sub_station_crystal, nicolae_sub_station_metal,
          nicolae_sub_station_stone, uniq_aizul
Snake:1:  layout_cave_shapes, nicolae_snake_bzzzt, minmay_shop_grove
Orc:1:    layout_diamond_mine, okawaru_metal_pillars_1_2, uniq_erica,
          uniq_maurice
Orc:2:    st_orc_ogre_mass, layout_caves, minmay_shop_enchanted_jewellery,
          nicolae_orc_flooded_monolith, nicolae_shop_self_help

Skill      XL: |  1  2  3  4  5  6  7  8  9 10 11 12 13 14 |
---------------+-------------------------------------------+-----
Summonings     | 1 2 3 4 5 7 8 9 10 11 12 | 12.3
Spellcasting   | 1 2 3 4 7 10 | 10.0
Hexes          | 1 3 4 |  4.7
Armour         | 1 |  1.1
Fighting       | 4 7 8 9 11 12 | 12.0
Dodging        | 5 10 12 13 14 15 | 15.1
Earth Magic    | 4 7 8 |  8.0
Air Magic      | 5 9 13 14 | 14.3
Shields        | 7 |  7.2
Short Blades   | |  2.0
Stealth        | |  6.0

Action                   |  1- 3 |  4- 6 |  7- 9 | 10-12 | 13-15 || total
-------------------------+-------+-------+-------+-------+-------++-------
Melee: Short sword       |    38 |       |       |       |       ||    38
       Hand axe          |    31 |    38 |    49 |       |       ||   118
       Dagger            |       |    15 |     5 |       |       ||    20
       Punch             |       |     1 |     1 |     1 |     3 ||     6
       Trident           |       |       |    98 |   228 |   270 ||   596
Throw: Throwing net      |       |       |     1 |       |       ||     1
 Cast: Summon Small Mamm |    55 |    67 |    57 |    11 |       ||   190
       Call Canine Famil |       |    19 |    66 |    73 |    61 ||   219
       Summon Guardian G |       |     1 |    65 |    87 |    52 ||   205
       Animate Armour    |       |       |     6 |    77 |    50 ||   133
       Summon Lightning  |       |       |       |       |    35 ||    35
       Summon Mana Viper |       |       |       |       |    20 ||    20
       Summon Cactus Gia |       |       |       |       |    20 ||    20
Invok: Sacrifice an Eye  |     1 |       |       |       |       ||     1
       Sacrifice Artific |       |       |     1 |       |       ||     1
       Draw Out Power    |       |       |     4 |     2 |     4 ||    10
       Sacrifice Experie |       |       |     1 |       |       ||     1
       Apocalypse        |       |       |       |     7 |     7 ||    14
       Sacrifice Drink   |       |       |       |     1 |       ||     1
       Power Leap        |       |       |       |     1 |       ||     1
       Sacrifice Purity  |       |       |       |     1 |       ||     1
  Use: Scroll            |     7 |     6 |     9 |     8 |    11 ||    41
       Potion            |     3 |     6 |     3 |       |       ||    12
 Stab: Sleeping          |    12 |     1 |     1 |       |       ||    14
       Distracted        |       |     1 |     6 |     5 |     3 ||    15
       Invisible         |       |       |     1 |     1 |       ||     2
       Paralysed         |       |       |       |     6 |     6 ||    12
Armor: Leather armour    |    16 |    16 |     1 |       |       ||    33
       Ring mail         |       |       |    68 |     1 |       ||    69
       Acid dragon scale |       |       |       |    32 |    91 ||   123
Dodge: Dodged            |    64 |    55 |   116 |   153 |   196 ||   584
Block: Other             |       |       |    26 |    33 |     2 ||    61
       Reflection        |       |       |     2 |       |       ||     2
       Kite shield       |       |       |       |       |    26 ||    26

Table legend: (Time is in decaauts)
 A = Elapsed time spent in this place.
 B = Non-inter-level travel time spent in this place.
 C = Inter-level travel time spent in this place.
 D = Time resting spent in this place.
 E = Time spent auto-exploring this place.
 F = Levels seen in this place.
 G = Mean time per level.
                   A        B        C        D        E       F      G
               +--------+--------+--------+--------+--------+-----+--------+
         Total |  34337 |  32105 |   2232 |   1353 |  24815 |  26 | 1320.7 |
       Dungeon |  21820 |  20215 |   1605 |    766 |  15762 |  15 | 1454.7 |
          Lair |   9055 |   8697 |    358 |    579 |   6673 |   5 | 1811.0 |
        Shoals |    172 |    172 |      0 |      0 |    103 |   1 |  172.0 |
     Snake Pit |    163 |    163 |      0 |      0 |    124 |   1 |  163.0 |
  Orcish Mines |   1912 |   1645 |    267 |      0 |   1258 |   2 |  956.0 |
        Bailey |    587 |    587 |      0 |      0 |    447 |   1 |  587.0 |
      Gauntlet |    625 |    625 |      0 |      8 |    446 |   1 |  625.0 |
               +--------+--------+--------+--------+--------+-----+--------+

Top non-repeatable levels by time:
  Lair:1: 2354 daAuts
     D:5: 2140 daAuts
  Lair:5: 2031 daAuts
     D:2: 1785 daAuts
  Lair:3: 1680 daAuts
    D:10: 1649 daAuts
     D:7: 1617 daAuts
  Lair:4: 1608 daAuts
    D:15: 1576 daAuts
     D:8: 1554 daAuts
     D:4: 1472 daAuts
    D:12: 1408 daAuts
  Lair:2: 1380 daAuts
    D:14: 1363 daAuts
   Orc:2: 1333 daAuts
